 Dungeon Crawl Stone Soup version 0.31.0-12-g77e489cdc1 (webtiles) character file.

Game seed: 5080632803437525315

18475 fugi1604 the Fighter (level 12, -4/86 HPs)
             Began as a Gargoyle Monk on Feb 16, 2024.
             Was a High Priest of Okawaru.
             Blown up by an orb spider (61 damage)
             ... with an orb of destruction
             ... on level 1 of the Spider Nest.
             The game lasted 01:08:38 (12268 turns).

fugi1604 the Fighter (Gargoyle Monk)               Turns: 12268, Time: 01:08:39

Health: -4/86      AC: 17    Str: 17    XL:     12   Next: 58%
Magic:  18/18      EV: 21    Int: 14    God:    Okawaru [*****.]
Gold:   475        SH:  0    Dex: 16    Spells: 11/11 levels left

rFire   . . .        r - +6 falchion of the Shining Light {chaos, ^Fragile +Blink rCorr SInv}
rCold   . . .        c - orb {light}
rNeg    + . .        U - +1 robe of Fortification {rCorr Int+2 Dex+2}
rPois   ∞            R - +2 hat
rElec   +            G - +2 cloak
rCorr   +            S - +0 pair of gloves
SInv    +            (no boots)
Will    .....        F - amulet of faith
Stlth   +            t - +5 ring of evasion
HPRegen 0.34/turn    B - ring of flight
MPRegen 0.16/turn

%: faith
@: flying, glowing
A: sickness immunity, AC +8, negative energy resistance 1, electricity
resistance, torment resistance 1, petrification resistance
a: Renounce Religion, Evoke Blink, Heroism, Finesse, Duel


You were on level 1 of the Spider Nest.
You worshipped Okawaru.
Okawaru was extremely pleased with you.
You visited 3 branches of the dungeon, and saw 11 of its levels.

You collected 572 gold pieces.
You spent 97 gold pieces at shops.

Inventory:

Hand Weapons
 r - the +6 falchion of the Shining Light (weapon) {chaos, ^Fragile +Blink rCorr SInv}
   (You found it on level 3 of the Dungeon)

   SInv:      It lets you see invisible.
   +Blink:    It lets you blink.
   rCorr:     It protects you from acid and corrosion.
   ^Fragile:  It will be destroyed if unequipped.
Missiles
 I - 10 poisoned darts
 K - 2 atropa-tipped darts (quivered)
 X - 2 darts of dispersal
Armour
 c - an orb of light (worn)
 G - a +2 cloak (worn)
 R - a +2 hat (worn)
 S - a +0 pair of gloves (worn)
 U - the +1 robe of Fortification (worn) {rCorr Int+2 Dex+2}
   (You found it on level 1 of the Lair of Beasts)

   Int+2:     It affects your intelligence (+2).
   Dex+2:     It affects your dexterity (+2).
   rCorr:     It protects you from acid and corrosion.
 V - a +1 robe of cold resistance
Magical Staves
 A - a staff of earth
 W - a staff of cold
Jewellery
 m - an amulet of magic regeneration
 t - a +5 ring of evasion (left hand)
 x - a +6 ring of intelligence
 y - the ring of Thoughtfulness {Fire MP+9}
   (You found it on level 4 of the Dungeon)

   [ring of fire]

   Fire:      It enhances your fire magic.
   rF+:       It protects you from fire.
   rC-:       It makes you vulnerable to cold.
   MP+9:      It affects your magic capacity (+9).
 z - a ring of protection from fire
 B - a ring of flight (right hand)
 F - an amulet of faith (around neck)
 N - a ring of wizardry
 O - a ring of wizardry
Wands
 a - a wand of iceblast (13)
 J - a wand of polymorph (19)
 T - a wand of paralysis (6)
Scrolls
 f - a scroll of silence {unknown}
 h - 2 scrolls of fog {unknown}
 i - 2 scrolls of fear {unknown}
 l - 3 scrolls of identify
 n - 5 scrolls of blinking
 p - a scroll of noise {unknown}
 q - a scroll of enchant weapon {unknown}
 u - 8 scrolls of teleportation
 w - 3 scrolls of vulnerability {unknown}
 C - 5 scrolls of immolation
 D - a scroll of acquirement {unknown}
 L - 2 scrolls of enchant armour
 P - a scroll of amnesia {unknown}
 Y - a scroll of revelation {unknown}
Potions
 b - 2 potions of ambrosia
 d - 4 potions of mutation
 e - a potion of attraction {unknown}
 g - 3 potions of might
 j - 4 potions of curing
 k - a potion of heal wounds
 o - 4 potions of brilliance
 s - a potion of berserk rage {unknown}
 v - 2 potions of degeneration {unknown}
 E - a potion of enlightenment {unknown}
 H - a potion of haste {unknown}
 M - a potion of cancellation {unknown}
 Q - 2 potions of lignification


   Skills:
 + Level 14.7 Fighting
 * Level 8.5 Long Blades
 + Level 8.5 Dodging
 - Level 3.8 Unarmed Combat
 + Level 8.4 Invocations


You had 11 spell levels left.
You didn't know any spells.
Your spell library contained the following spells:

 Spells                   Type           Power      Damage    Failure   Level
 Sandblast                Erth           0%         2d4       28%         1
 Dazzling Flash           Conj/Hex       0%         N/A       65%         3
 Passwall                 Erth           0%         N/A       65%         3
 Stone Arrow              Conj/Erth      0%         3d7       65%         3
 Volatile Blastmotes      Fire/Tloc      0%         2d10      65%         3
 Brom's Barrelling Bould  Conj/Erth      0%         2d3       96%         4
 Fulminant Prism          Conj/Alch      0%         3d5       96%         4
 Iskenderun's Mystic Bla  Conj/Tloc      0%         2d3       96%         4
 Starburst                Conj/Fire      0%         6d3       100%        6
 Maxwell's Capacitive Co  Air            0%         ∞         100%        8


Dungeon Overview and Level Annotations

Branches:
Dungeon (8/15)             Temple (0/1) D:6            Lair (2/5) D:8
 Spider (1/4) Lair:2
  Swamp: Lair:2-3    Shoals: Lair:2-3

Altars:
Ashenzari
Cheibriados
Kikubaaqudgha
Makhleb
Nemelex Xobeh
Okawaru
Qazlal
Sif Muna
Uskayaw
Xom

Shops:
D:6 ?


Innate Abilities, Weirdness & Mutations

You are immune to sickness and miasma.
Your stone body is resilient. (AC +8)
You are immune to poison.
You resist negative energy. (rN+)
You are resistant to electric shocks. (rElec)
You are resistant to unholy torment.
You are immune to petrification.


Message History

Aim: an orb spider (haloed, 81% to hit, chance to blind on hit: 3%)
You throw an atropa-tipped dart.
The atropa-tipped dart hits the orb spider.
The orb spider resists.
Throw: 3 darts (atropa)
Press: ? - help, Q - select action, (/) - cycle Shift-Dir - straight line, f/p - orb spider
Aim: an orb spider (haloed, 81% to hit, chance to blind on hit: 3%)
You throw an atropa-tipped dart.
The atropa-tipped dart hits the orb spider.
The orb spider resists.
The orb spider pulsates with a strange energy.
You are caught in the web!
There is a web here.
You disentangle yourself.
The orb spider weaves a glowing orb of energy.
An orb of destruction comes into view.
You are caught in the web!
A culicivora comes into view.
The wavering orb of destruction hits you!!
The orb spider begins to weave its threads into a brightly glowing ball.
There is a web here.
You struggle to detach yourself from the web.
You disentangle yourself.
A redback comes into view.
The culicivora misses you.
You see here 2 atropa-tipped darts.
You slash the culicivora!
The culicivora is moderately wounded.
The culicivora bites you.
The orb spider weaves a glowing orb of energy.
The culicivora misses you.
An orb of destruction comes into view.
You slash the culicivora!
The culicivora is heavily wounded.
The culicivora barely misses you.
You hit the culicivora.
The culicivora is poisoned.
The culicivora is severely wounded.
The orb of destruction hits you!!!
Ouch! That really hurt!
You die...

#.......###.....
##........#...... .##
#.........#...... ....#
#..........####..
###....###
#######......^..# ###
........^# #..##
###.....### .........##
#s..# ##.^..##
..........###.○○####†..###
..$.......#†..ss@^^..###
### ...........^....(#####
####.# ..^........#######
###....# ....†....###
##......## ........##
###...^....# .........##
#..........## ..........#
##..........#.
###.s.......#
#............# #..####...#
#...........##


You could see an orb spider, a culicivora (very poisoned) and a redback.

Vanquished Creatures
  Gastronok (D:8)
  Fannar (Lair:1)
  A hydra (Lair:2)
  3 death yaks (Lair:1)
  A two-headed ogre (D:8)
  A steelbarb worm (Spider:1)
  Maurice (D:7)
  3 cane toads
  A torpor snail (Lair:2)
  3 rime drakes
  2 komodo dragons (Lair:1)
  A polar bear (D:8)
  A queen bee (Lair:2)
  3 tarantellas (Spider:1)
  The ghost of Nimrod85 the Conjurer, an amateur DgCj (D:4)
  6 blink frogs
  A raiju (Lair:2)
  6 jumping spiders
  A culicivora (Spider:1)
  A wyvern (Lair:2)
  12 yaks
  2 basilisks
  5 redbacks
  A steam dragon (Lair:2)
  5 water moccasins
  Duvessa (D:7)
  4 ice beasts (D:8)
  A sky beast (D:6)
  3 black bears
  3 wolves (D:8)
  2 centaurs (D:5)
  2 kobold brigands
  8 bullfrogs
  2 scorpions
  Dowan (D:7)
  4 killer bees (D:7)
  A howler monkey (D:7)
  2 bombardier beetles
  A crimson imp (D:8)
  7 orc priests
  A hound (D:6)
  2 jellies
  3 sleepcaps
  An iguana (D:7)
  3 orc wizards
  4 gnolls (D:5)
  10 adders
  4 ufetubi
  2 dart slugs
  2 ribbon worms (D:2)
  18 orcs
  7 bats
  4 endoplasms
  4 giant cockroaches (D:3)
  6 goblins
  8 hobgoblins
  2 jackals (D:5)
  7 quokkas
  11 ball pythons
  10 frilled lizards
  19 kobolds
  4 rats
238 creatures vanquished.

Vanquished Creatures (others)
  A steelbarb worm (Spider:1)
  A black mamba (Lair:2)
2 creatures vanquished.

Grand Total: 240 creatures vanquished

Notes
Turn   | Place    | Note
-------+----------+-------------------------------------------
     0 | D:1      | fugi1604 the Gargoyle Monk began the quest for the Orb.
     0 | D:1      | Reached XP level 1. HP: 14/14 MP: 1/1
   213 | D:1      | Reached XP level 2. HP: 16/19 MP: 2/2
   731 | D:2      | Reached XP level 3. HP: 15/24 MP: 3/3
  1233 | D:2      | Reached skill level 4 in Fighting
  1261 | D:2      | Reached XP level 4. HP: 29/29 MP: 4/4
  1808 | D:3      | Identified the +6 falchion of the Shining Light {chaos,
                  | ^Fragile +Blink rCorr SInv}
  2063 | D:3      | Found a snail-covered altar of Cheibriados.
  2262 | D:4      | Reached XP level 5. HP: 34/34 MP: 5/5
  2345 | D:4      | Reached skill level 1 in Long Blades
  2352 | D:4      | Reached skill level 5 in Fighting
  2401 | D:4      | Identified the ring of Thoughtfulness {Fire MP+9}
  2598 | D:4      | Reached XP level 6. HP: 39/40 MP: 6/6
  2915 | D:4      | Found an ancient bone altar of Kikubaaqudgha.
  2916 | D:4      | Found a hide-covered altar of Uskayaw.
  2916 | D:4      | Noticed a black bear
  2921 | D:4      | Killed a black bear
  3043 | D:4      | Found a runed translucent gate.
  3043 | D:4      | Found a runed translucent gate.
  3043 | D:4      | Found a runed translucent gate.
  3043 | D:4      | Noticed Nimrod85's ghost (amateur DgCj)
  3060 | D:4      | Killed Nimrod85's ghost
  3061 | D:4      | Reached skill level 6 in Fighting
  3061 | D:4      | Reached XP level 7. HP: 25/47 MP: 7/7
  3590 | D:5      | Entered Level 5 of the Dungeon
  4074 | D:5      | Reached skill level 7 in Fighting
  4149 | D:5      | Reached XP level 8. HP: 47/53 MP: 8/8
  4393 | D:5      | Found an iron altar of Okawaru.
  4401 | D:5      | Became a worshipper of Warmaster Okawaru
  4401 | D:5      | Reached * piety under Okawaru
  4401 | D:5      | Reached ** piety under Okawaru
  4491 | D:6      | Found a staircase to the Ecumenical Temple.
  4887 | D:6      | Reached skill level 8 in Fighting
  5504 | D:6      | Reached skill level 5 in Dodging
  5508 | D:6      | Found Qewaafeo's Magic Scroll Shop.
  5513 | D:6      | Bought a scroll of enchant armour for 97 gold pieces
  6004 | D:7      | Reached skill level 9 in Fighting
  6033 | D:7      | Reached XP level 9. HP: 59/60 MP: 9/9
  6047 | D:7      | Found a stormy altar of Qazlal.
  6050 | D:7      | Found a shimmering blue altar of Sif Muna.
  6078 | D:7      | Reached skill level 1 in Invocations
  6135 | D:7      | Noticed Maurice
  6171 | D:7      | Maurice stole 225 gold
  6182 | D:7      | Killed Maurice
  6182 | D:7      | Reached *** piety under Okawaru
  6244 | D:7      | Found a sparkling altar of Nemelex Xobeh.
  6293 | D:7      | Reached skill level 5 in Long Blades
  6654 | D:7      | Noticed Dowan
  6659 | D:7      | Killed Dowan
  6660 | D:7      | Noticed Duvessa
  6673 | D:7      | Killed Duvessa
  6674 | D:7      | Reached skill level 10 in Fighting
  7089 | D:8      | Noticed a rime drake
  7137 | D:8      | Killed a rime drake
  7137 | D:8      | Reached **** piety under Okawaru
  7138 | D:8      | Reached XP level 10. HP: 68/68 MP: 9/12
  7167 | D:8      | Noticed a two-headed ogre
  7182 | D:8      | HP: 1/68 [two-headed ogre/+0 giant spiked club (21)]
  7199 | D:8      | Killed a two-headed ogre
  7200 | D:8      | Reached skill level 11 in Fighting
  7215 | D:8      | Reached ***** piety under Okawaru
  7495 | D:8      | Found a staircase to the Lair.
  7624 | D:8      | Identified the staff "Impslayer" {rElec rC+ Stlth- Tloc Ice
                  | Air}
  7728 | D:8      | Found a burning altar of Makhleb.
  7728 | D:8      | Found a shimmering altar of Xom.
  7772 | D:8      | Found a broken altar of Ashenzari.
  7783 | D:8      | Noticed Gastronok
  7798 | D:8      | Killed Gastronok
  7799 | D:8      | Reached skill level 5 in Invocations
  8180 | Lair:1   | Entered Level 1 of the Lair of Beasts
  8197 | Lair:1   | Received a gift from Okawaru
  8217 | Lair:1   | Noticed a cane toad
  8226 | Lair:1   | Killed a cane toad
  8227 | Lair:1   | Reached skill level 12 in Fighting
  8473 | Lair:1   | Noticed a death yak
  8481 | Lair:1   | Noticed a death yak
  8483 | Lair:1   | Noticed a death yak
  8499 | Lair:1   | Killed a death yak
  8500 | Lair:1   | Reached XP level 11. HP: 58/76 MP: 8/15
  8514 | Lair:1   | Killed a death yak
  8524 | Lair:1   | Killed a death yak
  8564 | Lair:1   | Identified the +1 robe of Fortification {rCorr Int+2 Dex+2}
  8697 | Lair:1   | Noticed Fannar
  8715 | Lair:1   | Killed Fannar
  8968 | Lair:1   | Reached skill level 13 in Fighting
  9582 | Lair:2   | Received a gift from Okawaru
  9718 | Lair:2   | Found a hole to the Spider Nest.
  9874 | Lair:2   | Reached XP level 12. HP: 84/84 MP: 17/17
 10028 | Lair:2   | Received a gift from Okawaru
 10029 | Lair:2   | Reached skill level 14 in Fighting
 10631 | Lair:2   | Noticed a six-headed hydra
 10641 | Lair:2   | Killed a 12-headed hydra
 11091 | Spider:1 | Entered Level 1 of the Spider Nest
 12268 | Spider:1 | Blown up by an orb spider

Illustrated notes

Levels and vault maps discovered:
D:1:      lightli_arrival_windingriver, layout_rooms, minmay_pentomino_u4
D:2:      kb_forest_paths, layout_basic
D:3:      layout_rooms, mainiacjoe_overflow_alcove_2, serial_corexii_hall,
          corexii_hall_statues_i, corexii_hall_statues_t, corexii_hall_statues_u
D:4:      layout_layer_cave, gammafunk_temple_overflow_pools,
          ebering_ghost_rock_garden, chequers_serial_rivers_large_a
D:5:      layout_rooms, okawaru_altar_gauntlet_db
D:6:      layout_basic, minmay_temple_entry_ruins, serial_shops,
          nicolae_shop_rolled_up, lemuel_flamethrower_1
D:7:      layout_cave_pods, mainiacjoe_overflow_catwalk_spiral,
          mainiacjoe_overflow_catwalk, david_defended_altar_orc, uniq_duvessa,
          uniq_maurice
D:8:      layout_basic, grunt_temple_overflow_champion_of_chaos,
          nicolae_ashenzari_panopticon, hellmonk_lair_entry_icy, uniq_gastronok
Lair:1:   layout_long_grid, grunt_megastairs_5, uniq_fannar
Lair:2:   layout_layer_cave, spider_nest_entry_a, grunt_megastairs_2
Spider:1: layout_cave_pods

Skill      XL: |  1  2  3  4  5  6  7  8  9 10 11 12 |
---------------+-------------------------------------+-----
Fighting       | 4 5 6 7 9 10 12 13 14 | 14.7
Dodging        | 3 4 5 6 7 8 |  8.5
Long Blades    | 1 2 3 4 5 6 7 8 |  8.5
Invocations    | 3 5 7 8 |  8.4
Unarmed Combat | |  3.8

Action                     |  1- 3 |  4- 6 |  7- 9 | 10-12 || total
---------------------------+-------+-------+-------+-------++-------
  Melee: Unarmed           |   129 |    38 |       |       ||   167
         Falchion          |       |    71 |   238 |   472 ||   781
  Throw: Dart              |       |       |       |    12 ||    12
 Invoke: Heroism           |       |       |     4 |    12 ||    16
         Finesse           |       |       |       |     6 ||     6
    Use: Scroll            |       |     2 |     3 |     4 ||     9
         Potion            |       |       |       |     5 ||     5
   Stab: Petrifying        |       |       |     1 |     5 ||     6
         Paralysed         |       |       |       |     6 ||     6
         Confused          |       |       |       |     4 ||     4
         Petrified         |       |       |       |     1 ||     1
         Distracted        |       |       |       |     1 ||     1
 Armour: Robe              |    26 |       |       |   152 ||   178
         Scale mail        |    51 |    49 |   175 |    52 ||   327
         Skin              |       |       |     2 |       ||     2
  Dodge: Dodged            |    79 |    54 |   248 |   355 ||   736
